 Dungeon Crawl Stone Soup version 0.23.0-3-gf3c87f2df8 (webtiles) character file.

Game seed: 15606448422548908946

38879 Gargoyl the Carver (level 13, -4/110 HPs)
             Began as a Centaur Abyssal Knight on Feb 22, 2019.
             Was the Champion of Lugonu.
             Slain by an entropy weaver (12 damage)
             ... on level 4 of the Lair of Beasts on Feb 24, 2019.
             The game lasted 00:26:11 (17981 turns).

Gargoyl the Carver (Centaur Abyssal Knight)        Turns: 17981, Time: 00:26:11

Health: -4/110     AC: 10    Str: 19    XL:     13   Next: 66%
Magic:  20/20      EV: 14    Int: 16    God:    Lugonu [******]
Gold:   795        SH:  0    Dex: 15    Spells: 12/12 levels left

rFire    + + +     SeeInvis .   e - +7 scimitar of the Jester {slice, Int+3}
rCold    . . .     Gourm    .   (no shield)
rNeg     . . .     Faith    .   o - +1 scale mail {rF+}
rPois    +         Spirit   .   l - +2 helmet
rElec    .         Reflect  .   C - +1 cloak of Osmesits {*Drain rF++ Dex+5}
rCorr    .         Harm     .   j - +2 pair of gloves
MR       +....                  (no barding)
Stlth    ..........             (no amulet)
HPRegen  0.28/turn              v - +2 ring of intelligence
MPRegen  0.17/turn              I - +2 ring of evasion

@: corroded, lightly drained, very quick
A: large, hooves 3, deformed body, speed 2, magic resistance 1, poison
resistance, tough skin 3
a: Depart the Abyss, Bend Space, Banish, Corrupt, Enter the Abyss, Brand Weapon
With Distortion, Renounce Religion


You were on level 4 of the Lair of Beasts.
You worshipped Lugonu.
Lugonu was exalted by your worship.
You were hungry.

You visited 2 branches of the dungeon, and saw 14 of its levels.
You visited the Abyss 1 time.

You collected 795 gold pieces.

Inventory:

Hand Weapons
 a - a +2 hand axe
 e - the +7 scimitar of the Jester (weapon) {slice, Int+3}
   (You found it on level 2 of the Abyss)

   It inflicts extra damage upon your enemies.
   It affects your intelligence (+3).
 u - a +1 war axe of chaos
 H - the +4 flail of the Original Sin {flame, rF+ Int-2 Dex+3 SInv, unknown}
   (You found it on level 10 of the Dungeon)

   It has been specially enchanted to burn those struck by it, causing extra
   injury to most foes and up to half again as much damage against particularly
   susceptible opponents.
   It affects your intelligence (-2).
   It affects your dexterity (+3).
   It protects you from fire.
   It lets you see invisible.
Missiles
 G - 5 poisoned javelins (quivered)
Armour
 i - a scarf of cloud immunity
 j - a +2 pair of gloves (worn)
 l - a +2 helmet (worn)
 o - a +1 scale mail of fire resistance (worn)
 C - the +1 cloak of Osmesits (worn) {*Drain rF++ Dex+5}
   (You acquired it on level 3 of the Lair of Beasts)

   It affects your dexterity (+5).
   It greatly protects you from fire.
   It causes draining when unequipped.
Jewellery
 v - a +2 ring of intelligence (left hand)
 I - a +2 ring of evasion (right hand)
Wands
 p - a wand of flame (72)
 t - a wand of random effects (39)
 y - a wand of acid (11)
 D - a wand of digging (5)
 F - a wand of iceblast (17)
 K - a wand of disintegration (14)
Scrolls
 b - a scroll of vulnerability {unknown}
 d - 2 scrolls of blinking
 f - 9 scrolls of teleportation
 g - 3 scrolls of fog
 q - 6 scrolls of identify
 w - a scroll of enchant weapon
 z - 2 scrolls of remove curse
 A - 3 scrolls of amnesia
 J - a scroll of acquirement
 L - a scroll of enchant armour
Potions
 h - 3 potions of mutation
 k - 5 potions of brilliance
 m - 5 potions of curing
 n - a potion of ambrosia
 r - 2 potions of resistance
 s - 2 potions of lignification
 x - a potion of cancellation
 B - a potion of magic
 E - a potion of might {unknown}
 M - a potion of berserk rage {unknown}
Comestibles
 c - 39 rations


   Skills:
 + Level 8.9(8.8) Fighting
 + Level 11.2 Long Blades
 + Level 3.2(3.5) Axes
 + Level 1.9(2.8) Maces & Flails
 + Level 3.0 Throwing
 * Level 9.2 Armour
 * Level 7.2 Dodging
 * Level 10.4 Invocations
 + Level 1.9 Evocations


You had 12 spell levels left.
You didn't know any spells.
Your spell library contained the following spells:

 Spells                   Type           Power        Failure   Level  Hunger
 Freeze                   Ice            #...         54%         1    ##.....
 Magic Dart               Conj           #...         54%         1    ##.....
 Shock                    Conj/Air       #...         54%         1    ##.....
 Searing Ray              Conj           #.....       67%         2    ###....
 Swiftness                Chrm/Air       #.......     67%         2    ###....
 Throw Frost              Conj/Ice       #.....       67%         2    ###....
 Dazzling Spray           Conj/Hex       #.....       88%         3    ####...
 Ozocubu's Armour         Chrm/Ice       #.......     88%         3    ####...
 Static Discharge         Conj/Air       #.......     88%         3    ####...
 Airstrike                Air            #.........   99%         4    #####..
 Force Lance              Conj/Tloc      #.......     99%         4    #####..
 Fulminant Prism          Conj/Hex       #.........   99%         4    #####..
 Iskenderun's Mystic Bla  Conj           #.......     99%         4    #####..
 Summon Ice Beast         Ice/Summ       #.......     99%         4    #####..
 Throw Icicle             Conj/Ice       #.......     99%         4    #####..
 Lightning Bolt           Conj/Air       #.........   100%        5    ######.


Dungeon Overview and Level Annotations

Branches:
Dungeon (10/15)            Temple (0/1) D:5            Lair (4/6) D:10
 Shoals (0/4) Lair:3        Snake (0/4) Lair:4          Orc (0/2) D:10

Altars:
Hepliaklqana
Kikubaaqudgha
Makhleb
Okawaru
Ru
Trog
Uskayaw
Vehumet
Wu Jian
Yredelemnul
Zin
The Shining One


Innate Abilities, Weirdness & Mutations

You have hooves in place of feet.
Armour fits poorly on your strangely shaped body.
You cover ground very quickly.
You have extremely tough skin. (AC +3)
You are resistant to hostile enchantments. (MR+)
Your system is resistant to poisons. (rPois)


Message History

You are engulfed in spectral mist.
The entropy weaver is engulfed in spectral mist.
You slash the entropy weaver!
You kick the entropy weaver, but do no damage.
The entropy weaver is severely wounded.
You are engulfed in spectral mist.
The entropy weaver is engulfed in spectral mist.
The entropy weaver hits you! The entropy weaver hits you.
The entropy weaver completely misses you.
The entropy weaver hits you!
* * * LOW HITPOINT WARNING * * *
You barely miss the entropy weaver. Your kick misses the entropy weaver.
The entropy weaver is severely wounded.
The entropy weaver is engulfed in spectral mist.
The entropy weaver hits you!
* * * LOW HITPOINT WARNING * * *
The entropy weaver hits you!
* * * LOW HITPOINT WARNING * * *
The entropy weaver hits you!
You die...

#[#######.#
#P.P# #÷#○.
#.# #P.###
#.#°#
#.####.#.#.#
#.#○#
#÷#.........
#.#÷#
#.#.#.####.#
#.#.# #.#.###
#.#○# #.#..#
#○#a# #.#†##
#÷#@# #÷#..#
#.#.#####☼#.##
#.#.......#..#
#.#########.##
#.÷.....÷.'.#
#############


You could see an entropy weaver.

Vanquished Creatures
  An entropy weaver (Lair:4)
  Snorg (D:10)
  A hydra (Lair:4)
  A catoblepas (Lair:2)
  2 ghost crabs (Lair:4)
  Nergalle (Lair:3)
  5 fire crabs (Lair:4)
  An oklob plant (Lair:1)
  An elephant (Lair:3)
  Joseph (D:8)
  2 black mambas
  4 spiny frogs (Lair:3)
  A rime drake (Lair:2)
  A komodo dragon (Lair:3)
  2 queen bees
  Grinder (D:3)
  Prince Ribbit (D:5)
  11 blink frogs
  A snapping turtle (Lair:3)
  5 hippogriffs
  Sigmund (D:2)
  A wraith (D:9)
  3 wyverns
  2 fire bats (D:4)
  16 yaks
  3 basilisks
  Eustachio (D:6)
  A naga (Lair:4)
  Duvessa (D:4)
  13 water moccasins
  7 porcupines
  2 black bears
  3 orc warriors
  3 sky beasts
  3 ice beasts
  5 centaurs
  5 ogres
  A wolf (Lair:3)
  The ghost of DildoBatman the Conjurer, an amateur OpWz (D:3)
  9 crocodiles
  Blork the orc (D:5)
  3 big kobolds (D:8)
  9 bullfrogs
  A gnoll sergeant (D:10)
  Dowan (D:4)
  2 scorpions
  57 killer bees
  5 wights (D:9)
  2 electric eels (Lair:3)
  2 howler monkeys (D:7)
  6 crimson imps
  A bullfrog zombie (D:7)
  7 orc priests
  6 hounds
  A jelly (D:7)
  4 orc wizards
  Crazy Yiuf (D:3)
  2 bullfrog skeletons
  2 centaur skeletons
  4 iguanas
  Ijyb (D:3)
  Natasha (thrice) (D:3)
  7 worker ants
  A killer bee zombie (D:6)
  A hound zombie (D:10)
  2 hound skeletons
  Robin (D:2)
  6 gnolls
  10 adders
  A river rat (Lair:3)
  3 shadow imps
  An ooze (D:2)
  An adder zombie (D:6)
  A worm (D:2)
  A dart slug (D:5)
  7 leopard geckos
  45 orcs
  2 ball pythons
  10 giant cockroaches
  13 goblins
  9 hobgoblins
  15 jackals
  3 quokkas
  A ball python skeleton (D:5)
  10 bats
  5 frilled lizards
  14 kobolds
  A quokka skeleton (D:6)
  6 rats
  A plant (Lair:1)
424 creatures vanquished.

Vanquished Creatures (others)
  A hydra (Lair:3)
  An oklob plant (Lair:1)
  A bush (Lair:4)
  19 fungi
  36 plants
58 creatures vanquished.

Grand Total: 482 creatures vanquished

Notes
Turn   | Place    | Note
-------+----------+-------------------------------------------
     0 | Abyss:1  | Gargoyl the Centaur Abyssal Knight began the quest for the
                  | Orb.
     0 | Abyss:1  | Reached XP level 1. HP: 19/19 MP: 2/2
    19 | Abyss:1  | Found a corrupted altar of Lugonu.
    24 | Abyss:1  | Found a corrupted altar of Lugonu.
    51 | Abyss:1  | Found a corrupted altar of Lugonu.
   124 | Abyss:1  | Noticed a large abomination
   141 | Abyss:2  | Found a corrupted altar of Lugonu.
   203 | Abyss:2  | Noticed a demonic crawler
   208 | Abyss:2  | Got a scorched scimitar
   209 | D:1      | Escaped the Abyss
   210 | D:1      | Identified the +7 scimitar of the Jester {slice, Int+3}
                  | (You found it on level 2 of the Abyss)
   436 | D:1      | Reached XP level 2. HP: 24/26 MP: 3/3
   702 | D:1      | Reached * piety under Lugonu
   857 | D:1      | Reached XP level 3. HP: 31/31 MP: 4/4
  1062 | D:2      | Reached skill level 1 in Long Blades
  1156 | D:2      | Reached skill level 1 in Dodging
  1359 | D:2      | Noticed Robin
  1366 | D:2      | Reached XP level 4. HP: 26/38 MP: 6/6
  1385 | D:2      | Killed Robin
  1528 | D:2      | Noticed Sigmund
  1538 | D:2      | Killed Sigmund
  1538 | D:2      | Reached skill level 2 in Long Blades
  1538 | D:2      | Reached XP level 5. HP: 43/46 MP: 7/7
  1805 | D:2      | Found an iron altar of Okawaru.
  1850 | D:2      | Reached ** piety under Lugonu
  1960 | D:3      | Reached XP level 6. HP: 52/52 MP: 8/8
  2094 | D:3      | Found a glowing golden altar of the Shining One.
  2172 | D:3      | Noticed Natasha
  2178 | D:3      | Killed Natasha
  2194 | D:3      | Reached skill level 3 in Long Blades
  2229 | D:3      | Found a runed translucent door.
  2229 | D:3      | Noticed DildoBatman's ghost (amateur OpWz)
  2250 | D:3      | Noticed Natasha
  2260 | D:3      | Killed Natasha
  2521 | D:3      | Found a runed translucent door.
  2522 | D:3      | Noticed Crazy Yiuf
  2545 | D:3      | Noticed Ijyb
  2550 | D:3      | Killed Ijyb
  2649 | D:3      | You fall through a shaft for 2 floors!
  2649 | D:5      | Entered Level 5 of the Dungeon
  2796 | D:5      | Reached XP level 7. HP: 50/59 MP: 9/9
  3053 | D:5      | Reached skill level 4 in Long Blades
  3069 | D:5      | Reached *** piety under Lugonu
  3502 | D:3      | Noticed Grinder
  3510 | D:3      | Killed Grinder
  3510 | D:3      | Reached XP level 8. HP: 60/67 MP: 11/11
  3660 | D:3      | Killed Crazy Yiuf
  3775 | D:3      | Reached skill level 5 in Long Blades
  3775 | D:3      | Noticed Natasha
  3781 | D:3      | Killed Natasha
  4123 | D:3      | Killed DildoBatman's ghost
  4148 | D:4      | Reached skill level 5 in Invocations
  4207 | D:4      | Gained mutation: You are clumsy. (Dex -2) [potion of
                  | mutation]
  4207 | D:4      | Gained mutation: You are resistant to hostile enchantments.
                  | (MR+) [potion of mutation]
  4207 | D:4      | Gained mutation: Your system is resistant to poisons.
                  | (rPois) [potion of mutation]
  4207 | D:4      | Lost mutation: You are clumsy. (Dex -2) [potion of
                  | mutation]
  4258 | D:4      | Found a transporter.
  4435 | D:4      | Found a transporter.
  4678 | D:4      | Noticed Duvessa
  4690 | D:4      | Killed Duvessa
  4690 | D:4      | Noticed Dowan
  4694 | D:4      | Killed Dowan
  4694 | D:4      | Reached XP level 9. HP: 57/73 MP: 13/13
  4791 | D:5      | Noticed Blork the orc
  4797 | D:5      | Killed Blork the orc
  4799 | D:5      | Found a basalt altar of Yredelemnul.
  4897 | D:5      | Reached **** piety under Lugonu
  4911 | D:5      | Found a staircase to the Ecumenical Temple.
  5050 | D:5      | Reached skill level 6 in Long Blades
  5209 | D:5      | Reached skill level 5 in Armour
  5262 | D:5      | Noticed Prince Ribbit
  5270 | D:5      | Killed Prince Ribbit
  5270 | D:5      | Reached skill level 5 in Fighting
  5648 | D:6      | Noticed Eustachio
  5672 | D:6      | Killed Eustachio
  6091 | D:6      | Reached skill level 7 in Long Blades
  6330 | D:6      | Found a glowing silver altar of Zin.
  6512 | D:7      | Found an ancient bone altar of Kikubaaqudgha.
  6855 | D:6      | Found a radiant altar of Vehumet.
  6855 | D:6      | Found a hazy altar of Hepliaklqana.
  6855 | D:6      | Found an ornate altar of the Wu Jian Council.
  7058 | D:6      | Reached XP level 10. HP: 73/81 MP: 14/14
  7220 | D:7      | Found a sacrificial altar of Ru.
  7258 | D:7      | Reached ***** piety under Lugonu
  7530 | D:8      | Found a hide-covered altar of Uskayaw.
  7550 | D:8      | Found a bloodstained altar of Trog.
  8049 | D:8      | Found a burning altar of Makhleb.
  8224 | D:8      | Noticed Joseph
  8237 | D:8      | Killed Joseph
  8237 | D:8      | Reached skill level 8 in Long Blades
  8956 | D:9      | Identified the +6 mace of Nip Xiud {venom, Str+5 Int+6
                  | Stlth-}
  9537 | D:10     | Entered Level 10 of the Dungeon
  9635 | D:10     | Reached skill level 5 in Dodging
 10221 | D:10     | Reached XP level 11. HP: 80/91 MP: 16/16
 10234 | D:10     | Reached skill level 9 in Long Blades
 10360 | D:10     | Found a staircase to the Lair.
 10439 | D:10     | Got a twisted flail
 10726 | D:10     | Found a staircase to the Orcish Mines.
 10726 | D:10     | Noticed Snorg
 10732 | D:10     | Reached skill level 1 in Maces & Flails
 10732 | D:10     | Reached skill level 1 in Evocations
 10732 | D:10     | Reached XP level 12. HP: 69/100 MP: 16/18
 10773 | D:10     | Killed Snorg
 11363 | Lair:1   | Entered Level 1 of the Lair of Beasts
 13406 | Lair:2   | Noticed a catoblepas
 13419 | Lair:2   | Killed a catoblepas
 13419 | Lair:2   | Reached skill level 10 in Long Blades
 14443 | Lair:3   | Noticed a seven-headed hydra
 14444 | Lair:3   | Banished a seven-headed hydra
 14488 | Lair:3   | Noticed an eight-headed hydra
 14499 | Lair:3   | Banished an eight-headed hydra
 14507 | Lair:3   | Found a frozen archway.
 14738 | Lair:3   | Noticed Nergalle
 14746 | Lair:3   | Killed Nergalle
 15095 | Lair:3   | Identified a scroll of acquirement
 15096 | Lair:3   | Got a faintly humming cloak
 15107 | Lair:3   | Identified the +1 cloak of Osmesits {*Drain rF++ Dex+5}
                  | (You acquired it on level 3 of the Lair of Beasts)
 15144 | Lair:3   | Reached XP level 13. HP: 100/107 MP: 20/20
 16370 | Lair:3   | Reached ****** piety under Lugonu
 16458 | Lair:3   | Found a staircase to the Shoals.
 16478 | Lair:3   | Reached skill level 10 in Invocations
 16566 | Lair:4   | Found a staircase to the Snake Pit.
 17490 | Lair:4   | Found a runed translucent door.
 17519 | Lair:4   | Reached skill level 11 in Long Blades
 17531 | Lair:4   | Noticed an entropy weaver
 17546 | Lair:4   | Killed an entropy weaver
 17970 | Lair:4   | Noticed an entropy weaver
 17981 | Lair:4   | Slain by an entropy weaver

Skill      XL: |  1  2  3  4  5  6  7  8  9 10 11 12 13 |
---------------+----------------------------------------+-----
Long Blades    | 1 2 3 4 5 7 8 9 10 11 | 11.2
Dodging        | 1 2 3 4 5 6 7 |  7.2
Armour         | 2 3 4 5 6 7 8 9 |  9.2
Invocations    | 3 4 5 6 7 8 9 10 | 10.4
Fighting       | 4 5 6 7 8 |  8.9
Axes           | 3 |  3.2
Maces & Flails | 1 |  1.9
Throwing       | 2 3 |  3.0
Evocations     | 1 |  1.9

Action                   |  1- 3 |  4- 6 |  7- 9 | 10-12 | 13-15 || total
-------------------------+-------+-------+-------+-------+-------++-------
Melee: Scimitar          |    73 |    94 |   249 |   500 |   237 ||  1153
       Kick              |    10 |    13 |    54 |   109 |    97 ||   283
Throw: Javelin           |       |       |     2 |     9 |     4 ||    15
Invok: Depart the Abyss  |     1 |       |       |       |       ||     1
       Bend Space        |       |       |       |     1 |       ||     1
       Banish            |       |       |       |     4 |       ||     4
  Use: Scroll            |     4 |     5 |     8 |     9 |     1 ||    27
       Potion            |       |     1 |     2 |     6 |       ||     9
 Stab: Invisible         |       |       |       |     4 |       ||     4
  Eat: Chunk             |     1 |     3 |    10 |     7 |     3 ||    24
       Ration            |       |       |     1 |     5 |     1 ||     7
Armor: Leather armour    |    13 |       |       |       |       ||    13
       Ring mail         |    45 |    64 |   141 |   108 |       ||   358
       Skin              |       |     2 |     2 |    27 |       ||    31
       Scale mail        |       |       |       |   227 |   150 ||   377
Dodge: Dodged            |    39 |    40 |   113 |   330 |   167 ||   689
       Rpst.: Scimitar   |    10 |    17 |    41 |    99 |    47 ||   214
